 Dungeon Crawl Stone Soup version 0.21.1-1-g345015fe64 (webtiles) character file.

1096 KleinerIrrer the Chopper (level 8, -3/49 HPs)
             Began as a Gargoyle Fighter on Apr 4, 2018.
             Was an Initiate of Cheibriados.
             Slain by asdpro's ghost (23 damage)
             ... on level 6 of the Dungeon.
             The game lasted 00:01:41 (6370 turns).

KleinerIrrer the Chopper (Gargoyle Fighter)         Turns: 6370, Time: 00:01:41

Health: -3/49      AC: 14    Str: 28    XL:     8   Next: 31%
Magic:  8/8        EV:  7    Int: 10    God:    Cheibriados [......]
Gold:   270        SH: 12    Dex: 10    Spells: 7/7 levels left

rFire    . . .     SeeInvis .   Y - +0 war axe
rCold    . . .     Gourm    .   c - +0 shield
rNeg     + . .     Faith    .   n - +0 chain mail
rPois    ∞         Spirit   .   (no helmet)
rElec    +         Reflect  +   (no cloak)
rCorr    .         Harm     .   (no gloves)
MR       .....                  (no boots)
Stlth    ..........             r - +2 amulet of reflection
HPRegen  0.16/turn              (no ring)
MPRegen  0.11/turn              (no ring)

@: mighty, very slow
A: negative energy resistance 1, electricity resistance, unbreathing,
petrification resistance, rot immunity, AC +5
a: Bend Time, Renounce Religion


You were on level 6 of the Dungeon.
You worshipped Cheibriados.
Cheibriados was noncommittal.
You were very hungry.

You visited 2 branches of the dungeon, and saw 7 of its levels.

You collected 270 gold pieces.


Innate Abilities, Weirdness & Mutations

You are resistant to torment.
Your stone body is resilient. (AC +5)
You are immune to poison.
You resist negative energy. (rN+)
You are resistant to electric shocks. (rElec)
You can survive without breathing.
You are immune to petrification.
You are immune to rotting.


   Skills:
 - Level 5.0 Fighting
 - Level 7.0 Axes
 - Level 3.2 Armour
 - Level 2.5 Dodging
 + Level 4.9 Shields


You had 7 spell levels left.
You didn't know any spells.

Inventory:

Hand Weapons
 q - a +0 flail
 Y - a +0 war axe (weapon)
Missiles
 j - a tomahawk (quivered)
Armour
 c - a +0 shield (worn)
 n - a +0 chain mail (worn)
Jewellery
 r - a +2 amulet of reflection (around neck)
Wands
 p - a wand of iceblast (13)
Scrolls
 i - 3 scrolls of teleportation
 o - a scroll of remove curse
 s - a scroll of identify
Potions
 f - a potion of heal wounds
 g - 2 potions of haste
 k - a potion of curing
 l - a potion of berserk rage {unknown}
 m - a potion of mutation {unknown}
Comestibles
 e - 12 rations

Dungeon Overview and Level Annotations

Branches:
Dungeon (6/15)             Temple (1/1) D:4

Altars:
Ashenzari
Cheibriados
Elyvilon
Fedhas
Hepliaklqana
Makhleb
Okawaru
Qazlal
Ru
Trog
Uskayaw
Xom
Yredelemnul
Zin
The Shining One

Annotations:
D:6 asdpro's ghost, novice OgBe


Message History

You start resting.
HP restored.
You feel very mighty all of a sudden.
You climb downwards.
Level annotation: asdpro's ghost, novice OgBe You block asdpro's ghost's attack.
There is a stone staircase leading up here.
Your shield and chain mail prevent you from hitting asdpro's ghost.
Asdpro's ghost closely misses you. You block asdpro's ghost's attack.
You barely miss asdpro's ghost. Asdpro's ghost hits you!
You hit asdpro's ghost.
Asdpro's ghost is lightly damaged.
Asdpro's ghost hits you!
You slash asdpro's ghost!
Asdpro's ghost is lightly damaged.
Asdpro's ghost closely misses you.
You slash asdpro's ghost!
Asdpro's ghost is moderately damaged.
Asdpro's ghost hits you! Asdpro's ghost hits you!!
You die...

####
##...##
##.....##
#.......#
#.....@.#
#....=W.#
##.....##
.........
##.......
#...(...#
##......#
##...#.#


You could see asdpro's ghost.

Vanquished Creatures
  The ghost of Rawrzzor the Skirmisher, an amateur DsSk of Hepliaklqana (D:5)
  2 phantoms (D:4)
  An ogre (D:5)
  Blork the orc (D:5)
  A scorpion (D:4)
  A howler monkey (D:5)
  2 crimson imps
  2 hounds
  An orc priest (D:4)
  An orc wizard (D:4)
  3 worker ants
  A killer bee zombie (D:5)
  A hound skeleton (D:5)
  3 gnolls (D:3)
  A howler monkey skeleton (D:4)
  5 adders
  A shadow imp (D:5)
  An ooze (D:1)
  2 worms (D:3)
  3 dart slugs
  A leopard gecko (D:2)
  11 orcs
  6 giant cockroaches
  9 hobgoblins
  10 jackals
  A quokka (D:2)
  A ball python (D:1)
  7 bats
  4 frilled lizards
  9 goblins
  10 kobolds
  A leopard gecko skeleton (D:4)
  A leopard gecko zombie (D:5)
  10 rats
115 creatures vanquished.

Notes
Turn   | Place    | Note
-------+----------+-------------------------------------------
     0 | D:1      | KleinerIrrer the Gargoyle Fighter began the quest for the Orb.
     0 | D:1      | Reached XP level 1. HP: 14/14 MP: 1/1
     0 | D:1      | 0 ||| counter = 27
    61 | D:1      | Reached skill level 2 in Axes
   121 | D:1      | Reached XP level 2. HP: 19/19 MP: 2/2
   197 | D:1      | Reached skill level 3 in Axes
   288 | D:1      | 288 ||| DROPPING club.
   308 | D:1      | Reached XP level 3. HP: 22/23 MP: 3/3
   655 | D:1      | 655 ||| READING scroll labeled CUOFOI LEUH.
   656 | D:1      | 656 ||| READING 3 scrolls labeled FACALEIRGHUMN.
   661 | D:1      | 661 ||| READING scroll labeled QOASIE TIBY.
   675 | D:2      | 675 ||| STAIRDANCE
   681 | D:2      | 681 ||| STAIRDANCE
   695 | D:2      | 695 ||| STAIRDANCE
   880 | D:2      | Reached XP level 4. HP: 28/28 MP: 4/4
   945 | D:2      | Reached skill level 4 in Axes
  1384 | D:2      | 1384 ||| UPGRADING to chain mail.
  1394 | D:2      | 1394 ||| DROPPING +0 scale mail.
  1395 | D:2      | 1395 ||| READING 3 scrolls labeled UDOPLUSTAMEX.
  1396 | D:2      | 1396 ||| DRINKING 3 fizzy red potions.
  1397 | D:2      | 1397 ||| READING 2 scrolls of identify.
  1397 | D:2      | 1397 ||| IDENTIFYING yellow potion
  1564 | D:3      | Found a white marble altar of Elyvilon.
  1909 | D:3      | Reached XP level 5. HP: 32/32 MP: 5/5
  1924 | D:3      | 1924 ||| DROPPING whip.
  2286 | D:3      | Reached skill level 5 in Axes
  2834 | D:3      | 2834 ||| READING scroll labeled ALITUNGYSCH.
  2835 | D:3      | 2835 ||| READING 2 scrolls labeled HAPPES LONOLL.
  2836 | D:3      | 2836 ||| UPGRADING to flail.
  2837 | D:3      | 2837 ||| SWAPPING to +0 war axe.
  2838 | D:3      | 2838 ||| READING scroll labeled GIJUFE WYCEXT.
  2839 | D:3      | 2839 ||| DRINKING 2 puce potions.
  2840 | D:3      | 2840 ||| READING 2 scrolls of identify.
  2840 | D:3      | 2840 ||| IDENTIFYING dented pearl amulet
  2841 | D:3      | 2841 ||| UPGRADING to +2 amulet of reflection.
  2842 | D:3      | 2842 ||| DROPPING potion of degeneration.
  2904 | D:4      | Reached XP level 6. HP: 17/38 MP: 6/6
  3113 | D:4      | 3113 ||| EATING 9 rations.
  3310 | D:4      | Found a staircase to the Ecumenical Temple.
  3319 | Temple   | Entered the Ecumenical Temple
  3320 | Temple   | 3320 ||| Entered T.
  3362 | Temple   | Became a worshipper of Cheibriados the Contemplative
  3562 | Temple   | 3562 ||| READING scroll of identify.
  3562 | Temple   | 3562 ||| IDENTIFYING copper ring
  3563 | Temple   | 3563 ||| DROPPING ring of wizardry.
  3867 | D:4      | 3867 ||| EATING 9 rations.
  3989 | D:4      | Noticed a phantom
  4010 | D:4      | Killed a phantom
  4248 | D:4      | Found a burning altar of Makhleb.
  4249 | D:4      | Found a shimmering altar of Xom.
  4261 | D:4      | Reached skill level 6 in Axes
  4261 | D:4      | Reached XP level 7. HP: 42/43 MP: 7/7
  4265 | D:4      | 4265 ||| READING scroll labeled JATUCH FI FACA.
  4266 | D:4      | 4266 ||| READING scroll labeled ZAT YR QIBB.
  4278 | D:5      | Entered Level 5 of the Dungeon
  4291 | D:5      | Noticed Rawrzzor's ghost (amateur DsSk)
  4291 | D:5      | 4291 ||| STAIRDANCE
  4555 | D:5      | 4555 ||| STAIRDANCE
  4651 | D:5      | Killed Rawrzzor's ghost
  4734 | D:5      | Reached XP level 8. HP: 36/48 MP: 8/8
  4749 | D:5      | Reached skill level 7 in Axes
  4850 | D:5      | Noticed Blork the orc
  4862 | D:5      | Killed Blork the orc
  5033 | D:5      | Found an iron altar of Okawaru.
  5181 | D:5      | Found a white marble altar of Elyvilon.
  5181 | D:5      | Found a glowing silver altar of Zin.
  5182 | D:5      | Found a glowing golden altar of the Shining One.
  5447 | D:5      | 5447 ||| UPGRADING to blackened granite ring.
  5448 | D:5      | 5448 ||| READING 2 scrolls of remove curse.
  5449 | D:5      | 5449 ||| REMOVING ring of loudness.
  5450 | D:5      | 5450 ||| DROPPING ring of loudness.
  5451 | D:5      | 5451 ||| READING 2 scrolls labeled ONKEUTOYZE.
  5452 | D:5      | 5452 ||| DRINKING 3 dark potions.
  5453 | D:5      | 5453 ||| DRINKING 2 fizzy silvery potions.
  5454 | D:5      | 5454 ||| DROPPING scroll of immolation.
  5455 | D:5      | 5455 ||| DROPPING 2 potions of flight.
  5475 | D:6      | Noticed asdpro's ghost (novice OgBe)
  5477 | D:6      | 5477 ||| STAIRDANCE
  5489 | D:6      | 5489 ||| STAIRDANCE
  5525 | D:6      | 5525 ||| STAIRDANCE
  5566 | D:6      | 5566 ||| STAIRDANCE
  5750 | D:6      | 5750 ||| STAIRDANCE
  5963 | D:6      | 5963 ||| STAIRDANCE
  5963 | D:6      | HP: 12/49 [asdpro's ghost (20)]
  6197 | D:6      | 6197 ||| STAIRDANCE
  6370 | D:6      | Slain by asdpro's ghost

Vault maps used:
D:1:      minmay_arrival_stone_box
D:2:      minmay_diamond_boxcup, grunt_ministairs_8, minmay_bisected
D:3:      portal_sewer_entry_e, minmay_misc_feat_columns, elyvilon_altar_4
D:4:      grunt_temple_overflow_champion_of_chaos,
          minmay_temple_entry_large_hall
D:5:      good_gods_mini_temple, overflow_temple_1_default, first_ration,
          minmay_misc_feat_room, uniq_blork_the_orc
D:6:      cheibrodos_iron_armory, minitemple,
          nicolae_ossuary_entry_false_entrances, hex_tiny
Temple:   jpeg_temple_island

Skill      XL: |  1  2  3  4  5  6  7  8 |
---------------+-------------------------+-----
Axes           | 2 3 4 5 6 7 |  7.0
Fighting       | 4 5 |  5.0
Shields        | 4 |  4.9
Dodging        | 2 |  2.5
Armour         | |  3.2

Action                   |  1- 3 |  4- 6 |  7- 9 || total
-------------------------+-------+-------+-------++-------
Melee: War axe           |   112 |   200 |   155 ||   467
Throw: Tomahawk          |       |    30 |     5 ||    35
  Use: Scroll            |     3 |     7 |     4 ||    14
       Potion            |       |     2 |     3 ||     5
  Eat: Chunk             |       |     6 |     5 ||    11
       Ration            |       |     2 |       ||     2
Armor: Scale mail        |    65 |    19 |       ||    84
       Chain mail        |       |    81 |    76 ||   157
Dodge: Dodged            |    38 |    44 |    46 ||   128
Block: Shield            |    49 |    91 |    79 ||   219

Table legend:
 A = Spawn XP
 B = Non-spawn XP
 C = Spawn XP percentage of total XP
 D = Spawn monster count
 E = Non-spawn monster count
 F = Spawn count percentage of total count
 G = Total turns spent on level
                    A         B        C        D         E        F      G
               +---------+---------+-------+---------+---------+-------+---------
         Total |       0 |    1566 |   0.0 |       0 |     115 |   0.0 |  6370
               +---------+---------+-------+---------+---------+-------+---------
           D:1 |       0 |      71 |   0.0 |       0 |      32 |   0.0 |   691
           D:2 |       0 |      48 |   0.0 |       0 |      21 |   0.0 |   763
           D:3 |       0 |     129 |   0.0 |       0 |      31 |   0.0 |  1436
           D:4 |       0 |     533 |   0.0 |       0 |      11 |   0.0 |  1468
           D:5 |       0 |     785 |   0.0 |       0 |      20 |   0.0 |  1725
               +---------+---------+-------+---------+---------+-------+---------
